 Dungeon Crawl Stone Soup version 0.17.0-56-gd8de76c (console) character file.

4394 Kloppie the Destroyer (level 10, -7/66 HPs)
             Began as a High Elf Conjurer on Dec 6, 2015.
             Was a Follower of Vehumet.
             Mangled by a yak (16 damage)
             ... on level 8 of the Dungeon.
             The game lasted 00:30:45 (13180 turns).

Kloppie the Destroyer (High Elf Conjurer)          Turns: 13180, Time: 00:30:45

Health: -7/66      AC:  5    Str: 11    XL:     10   Next: 13%
Magic:  1/18       EV: 16    Int: 23    God:    Vehumet [*.....]
Gold:   456        SH:  0    Dex: 16    Spells: 5 memorised, 3 levels left

rFire  . . .     SeeInvis .     A - +1 falchion
rCold  . . .     Clarity  .     a - +0 robe
rNeg   + . .     SustAt   .     (no shield)
rPois  .         Gourm    .     (no helmet)
rElec  .         Spirit   .     (no cloak)
rCorr  +         Warding  .     m - +1 pair of gloves
rMut   .         Stasis   .     n - +0 pair of boots
MR     +....                    y - amulet of resist corrosion
Stlth  ++........               D - +4 ring of strength
                                q - ring of positive energy

@: somewhat resistant to hostile enchantments, unstealthy
A: no striking features
a: Renounce Religion


You were on level 8 of the Dungeon.
You worshipped Vehumet.
Vehumet was aware of your devotion.
You were hungry.

You visited 2 branches of the dungeon, and saw 10 of its levels.
You also visited: Sewer.

You collected 456 gold pieces.

Inventory:

Hand Weapons
 A - a +1 falchion (weapon)
Armour
 a - a +0 robe (worn)
 e - a +0 shield
 m - a +1 pair of gloves (worn)
 n - a +0 pair of boots (worn)
Jewellery
 g - a +2 ring of strength
 q - a ring of positive energy (left hand)
 u - an uncursed ring of sustain attributes
 y - an amulet of resist corrosion (around neck)
 D - a +4 ring of strength (right hand)
Wands
 s - a wand of lightning (3)
 t - a wand of polymorph (4)
 v - a wand of slowing (20)
 B - a wand of magic darts (27)
 C - a wand of disintegration (6)
 J - a wand of invisibility (2)
Scrolls
 h - 4 scrolls of identify
 i - 4 scrolls of remove curse
 k - 3 scrolls of teleportation
 o - a scroll of recharging
 p - 2 scrolls of enchant weapon
 H - a scroll of fog {unknown}
 K - 2 scrolls of magic mapping
Potions
 d - 2 potions of haste
 f - 3 potions of lignification
 l - 2 potions of might
 r - 2 potions of magic
 x - 3 potions of curing
 z - 2 potions of cancellation {unknown}
 E - a potion of invisibility
 G - a potion of agility {unknown}
 I - a potion of ambrosia {unknown}
Books
 b - a book of Conjurations

   Spells                             Type                      Level
   a - Magic Dart                     Conjuration                  1
   b - Searing Ray                    Conjuration                  2
   c - Dazzling Spray                 Conjuration/Hexes            3
   d - Fulminant Prism                Conjuration/Hexes            4
   e - Iskenderun's Mystic Blast      Conjuration                  4
   f - Iskenderun's Battlesphere      Conjuration/Charms           5
 j - a book of Fire

   Spells                             Type                      Level
   a - Ignite Poison                  Fire/Transmutation/Poison    3
   b - Fireball                       Conjuration/Fire             5
   c - Bolt of Fire                   Conjuration/Fire             6
   d - Delayed Fireball               Conjuration/Fire             7
   e - Ring of Flames                 Charms/Fire                  7
 w - a book of Alchemy

   Spells                             Type                      Level
   a - Sublimation of Blood           Necromancy                   2
   b - Ignite Poison                  Fire/Transmutation/Poison    3
   c - Alistair's Intoxication        Transmutation/Poison         4
   d - Condensation Shield            Ice                          4
   e - Petrify                        Transmutation/Earth          4
   f - Irradiate                      Conjuration/Transmutation    5
Comestibles
 c - 4 bread rations
 F - 24 fruits
 L - a royal jelly
 M - a chunk of flesh


   Skills:
 + Level 5.3 Fighting
 + Level 6.4 Dodging
 - Level 2.1 Stealth
 - Level 5.2 Spellcasting
 - Level 10.3 Conjurations
 - Level 3.2 Hexes
 - Level 8.7 Charms


You had 3 spell levels left.
You knew the following spells:

 Your Spells              Type           Power        Failure   Level  Hunger
a - Magic Dart            Conj           ####         1%          1    None
b - Searing Ray           Conj           ######       1%          2    None
c - Iskenderun's Mystic   Conj           ######..     1%          4    ####...
d - Iskenderun's Battles  Conj/Chrm      #####...     8%          5    #####..
e - Fulminant Prism       Conj/Hex       #####.....   8%          4    ####...


Dungeon Overview and Level Annotations

Branches:
Dungeon (9/15)             Temple (1/1) D:6            Lair (0/8) D:9
    Orc: D:9-12

Altars:
Ashenzari
Cheibriados
Dithmenos
Elyvilon
Gozag
Kikubaaqudgha
Makhleb
Nemelex Xobeh
Okawaru
Qazlal
Ru
Sif Muna
Trog
Vehumet
Xom
Yredelemnul
Zin
The Shining One

Shops:
D:4 *   D:6 %

Annotations:
D:9 grerr's ghost, novice FoFi


Message History

The searing ray hits the yak.
The yak is severely wounded.
The yak misses you.
The searing ray hits the yak.
You kill the yak!
Vehumet accepts your kill.
The searing ray misses the yak.
The yak closely misses you. The yak gores you.
* * * LOW HITPOINT WARNING * * *
Casting: Searing Ray
Confirm with . or Enter, or press ? or * to list all spells.
Aiming: Magic Dart
Press: ? - help, Shift-Dir - straight line, f/p - yak
Aim: a yak The magic dart hits the yak.
The yak is lightly wounded.
The yak gores you!
* * * LOW HITPOINT WARNING * * *
The yak gores you!
You die...

##....##.#
#.#....########
##....##.#
#.##(..#
......##.#
#.##...#
##....##.#
#....>.###
#....##.#
#........#
########.#
##.#.#.#.#
#........#
#.#†#(#.#
#........#
#.#Y#Y#(#####
'........#
##.#Z@.()....#
#.......##
#......#.###.#
#.......#
#..#####o#
#.......# #..
#.# #########
#. #.# #. ... #
#{# #o.


You could see 2 yaks and a worker ant zombie.

Vanquished Creatures
  Prince Ribbit (D:6)
  Sigmund (D:3)
  3 yaks
  A hippogriff (D:9)
  A hungry ghost (D:7)
  2 ice beasts
  2 orc warriors
  3 phantoms
  A black bear (D:6)
  A sky beast (D:7)
  4 ogres
  A centaur (D:7)
  A necrophage (D:7)
  2 crocodiles (D:9)
  5 giant frogs
  A big kobold (D:8)
  3 scorpions (D:7)
  A jelly (D:5)
  5 crimson imps
  A hound (D:6)
  2 giant frog zombies (D:6)
  6 orc priests
  2 giant frog skeletons
  10 orc wizards
  A centaur skeleton (D:4)
  2 iguanas (D:9)
  A statue (D:7)
  5 worker ants
  2 hound skeletons
  4 gnolls
  12 adders
  A shadow imp (D:5)
  A river rat (D:9)
  An ufetubus (Sewer)
  An adder skeleton (D:4)
  2 worms
  9 giant geckos
  37 orcs
  2 ball pythons
  11 bats
  8 giant cockroaches
  17 hobgoblins
  3 jackals (D:2)
  4 quokkas
  10 giant newts
  12 goblins
  A jackal skeleton (D:7)
  6 kobolds
  6 rats
219 creatures vanquished.

Vanquished Creatures (others)
  A fulminant prism (D:9)
  37 fungi (D:9)
  39 plants (D:9)
77 creatures vanquished.

Grand Total: 296 creatures vanquished

Notes
Turn   | Place    | Note
--------------------------------------------------------------
     0 | D:1      | Kloppie the High Elf Conjurer began the quest for the Orb.
     0 | D:1      | Reached XP level 1. HP: 11/11 MP: 4/4
   169 | D:1      | Reached XP level 2. HP: 17/17 MP: 3/6
   321 | D:1      | Learned a level 2 spell: Searing Ray
   935 | D:1      | Reached skill level 5 in Conjurations
  1000 | D:1      | Reached XP level 3. HP: 21/21 MP: 6/8
  1793 | D:2      | Reached XP level 4. HP: 27/27 MP: 0/10
  1874 | D:2      | Learned a level 4 spell: Iskenderun's Mystic Blast
  2247 | D:3      | Found a sparkling altar of Nemelex Xobeh.
  2745 | D:3      | Reached XP level 5. HP: 31/31 MP: 6/12
  2748 | D:3      | Reached skill level 6 in Conjurations
  3057 | D:3      | Noticed Sigmund
  3085 | D:3      | Learned a level 5 spell: Iskenderun's Battlesphere
  3781 | D:4      | Reached skill level 5 in Spellcasting
  3884 | D:4      | Reached XP level 6. HP: 17/36 MP: 3/14
  4182 | D:4      | Reached skill level 1 in Charms
  4619 | D:4      | Found Zin's Purification Station.
  4624 | D:4      | Found a glowing silver altar of Zin.
  4952 | D:4      | Reached skill level 7 in Conjurations
  5208 | D:5      | Entered Level 5 of the Dungeon
  5348 | D:5      | Reached XP level 7. HP: 29/41 MP: 0/15
  5462 | D:5      | Found a glowing drain.
  5743 | Sewer    | Entered a sewer
  6016 | Sewer    | Noticed Kloppie's ghost (amateur HECj)
  6233 | D:5      | Reached skill level 8 in Conjurations
  6253 | D:5      | Reached skill level 5 in Charms
  6531 | D:5      | Reached XP level 8. HP: 46/46 MP: 14/16
  6970 | D:6      | Reached skill level 9 in Conjurations
  7181 | D:6      | Noticed Prince Ribbit
  7201 | D:6      | Found a basalt altar of Yredelemnul.
  7203 | D:6      | Found a bloodstained altar of Trog.
  7204 | D:6      | Found a shattered altar of Ashenzari.
  7353 | D:6      | Found Roqauro's Food Shop.
  7385 | D:6      | Killed Prince Ribbit
  7627 | D:6      | Found a staircase to the Ecumenical Temple.
  7635 | Temple   | Entered the Ecumenical Temple
  7856 | D:6      | Reached skill level 10 in Conjurations
  7928 | D:6      | Found a snail-covered altar of Cheibriados.
  7982 | D:6      | Found a deep blue altar of Sif Muna.
  8328 | D:3      | Killed Sigmund
  8328 | D:3      | Reached XP level 9. HP: 48/51 MP: 8/17
  9405 | D:7      | Reached skill level 1 in Fighting
  9950 | D:7      | Found a radiant altar of Vehumet.
 10060 | D:7      | Became a worshipper of Vehumet
 10712 | D:7      | Reached skill level 5 in Dodging
 11135 | D:8      | Learned a level 4 spell: Fulminant Prism
 11246 | D:8      | Found Kaolaxtu's Weapon Emporium.
 11287 | D:8      | Found an ancient bone altar of Kikubaaqudgha.
 11445 | D:8      | Found a glowing golden altar of the Shining One.
 11606 | D:9      | Found a shadowy altar of Dithmenos.
 11619 | D:9      | Noticed grerr's ghost (novice FoFi)
 11622 | D:9      | Found a staircase to the Lair.
 12116 | D:9      | Reached skill level 1 in Hexes
 12282 | D:9      | Reached * piety under Vehumet
 12282 | D:9      | Offered knowledge of Flame Tongue by Vehumet.
 12518 | D:9      | Reached XP level 10. HP: 39/65 MP: 8/18
 12842 | D:9      | Reached skill level 5 in Fighting
 13180 | D:8      | Mangled by a yak

Action                   |  1- 3 |  4- 6 |  7- 9 | 10-12 || total
-------------------------+-------+-------+-------+-------++-------
Melee: Falchion          |       |     8 |    56 |       ||    64
 Cast: Magic Dart        |    81 |   127 |   304 |    13 ||   525
       Searing Ray       |       |    13 |    31 |     8 ||    52
       Iskenderun's Batt |       |       |     6 |     1 ||     7
       Iskenderun's Myst |       |       |     5 |       ||     5
       Fulminant Prism   |       |       |       |     1 ||     1
  Use: Scroll            |       |    12 |     6 |       ||    18
  Eat: Chunk             |     2 |     7 |    14 |     1 ||    24
       Fruit             |       |     3 |       |       ||     3
       Meat ration       |       |     1 |       |       ||     1
       Beef jerky        |       |       |     2 |       ||     2
       Bread ration      |       |       |     1 |       ||     1
